 Dungeon Crawl Stone Soup version 0.27-a0-522-g46bbb28828 (webtiles) character file.

Game seed: 7313463941403667016

18 sahdkjhfkaj the Stinger (level 2, -6/11 HPs)
             Began as a Felid Venom Mage on Mar 5, 2021.
             Killed from afar by Natasha (9 damage)
             ... with a magic dart
             ... on level 2 of the Dungeon.
             The game lasted 00:01:00 (1170 turns).

sahdkjhfkaj the Stinger (Felid Venom Mage)          Turns: 1170, Time: 00:01:01

Health: -6/11      AC:  1    Str:  4    XL:     2   Next: 48%
Magic:  4/6        EV: 18    Int: 16    God:
Gold:   13         SH:  0    Dex: 16    Spells: 5/6 levels left
                                        Lives:  0   Deaths: 0

rFire    . . .     SeeInvis +   (weapon unavailable)
rCold    . . .     Faith    .   (shield unavailable)
rNeg     . . .     Spirit   .   (armour unavailable)
rPois    .         Reflect  .   (helmet unavailable)
rElec    .         Harm     .   (cloak unavailable)
rCorr    .         Rampage  .   (gloves unavailable)
Will     .....                  (boots unavailable)
Stlth    +++.......             (no amulet)
HPRegen  0.03/turn              (no ring)
MPRegen  0.10/turn              (no ring)

@: quick
A: very small, claws 1, fangs 3, see invisible, speed 1, shaggy fur 1, stealthy
paws, no weapons or thrown items, no armour, multi-lived
a: no special abilities


You were on level 2 of the Dungeon.
You visited 1 branch of the dungeon, and saw 2 of its levels.

You collected 13 gold pieces.

Inventory:

Scrolls
 a - 2 scrolls of amnesia {unknown}
 d - a scroll of enchant armour {unknown}
 e - a scroll of fog {unknown}
 f - a scroll of fear {unknown}
 g - 2 scrolls of teleportation {unknown}
 h - a scroll of blinking {unknown}
Potions
 b - 2 potions of haste {unknown}
 c - a potion of curing {unknown}


   Skills:
 - Level 2.6 Dodging
 - Level 2.6 Stealth
 + Level 2.7 Spellcasting
 - Level 1.1 Transmutations
 - Level 3.0 Poison Magic


You had 5 spell levels left.
You knew the following spells:

 Your Spells              Type           Power        Failure   Level
a - Sting                 Tmut/Pois      32%          9%          1

Your spell library contained the following spells:

 Spells                   Type           Power        Failure   Level
 Poisonous Vapours        Pois/Air       12%          16%         2
 Ignite Poison            Fire/Tmut/Pois 6%           32%         3
 Mephitic Cloud           Conj/Pois/Air  5%           36%         3
 Olgreb's Toxic Radiance  Pois           11%          50%         4


Dungeon Overview and Level Annotations

Branches:
Dungeon (2/15)

Altars:

Annotations:
D:2 Natasha


Innate Abilities, Weirdness & Mutations

You have sharp claws.
You have razor-sharp teeth.
You have supernaturally acute eyesight. (SInv)
You cover ground quickly. (Speed+)
You are covered in fur. (AC +1)
Your stealthy paws help you sneak and pounce on unaware monsters.
You are incapable of wielding weapons or throwing items.
You cannot wear armour.
You gain extra lives every three experience levels.


Message History

You see here a +0 leather armour.
Found a stone staircase leading down.
There is a stone staircase leading down here.
A bat and a rat come into view.
There are monsters nearby!
There are monsters nearby!
There are monsters nearby!
You can't see any susceptible monsters within range! (Use Z to cast anyway.)
The sting hits the rat.
The rat is poisoned.
You kill the rat!
The sting hits the bat.
The bat is poisoned.
The bat is severely wounded.
You kill the bat!
No target in view!
You can't see any susceptible monsters within range! (Use Z to cast anyway.) Done exploring.
Done exploring.
Done exploring.
(D) Dungeon
Where to? (? - help)
You see here 25 stones.
There is a stone staircase leading down here.
You climb downwards.
An adder, a giant cockroach and Natasha come into view.
Found a scroll labelled GISENAGH XIOPE.
Found a stone staircase leading up.
There is a stone staircase leading up here.
The sting hits the adder.
The adder is poisoned.
The adder is moderately wounded.
The adder hisses angrily.
Natasha hisses angrily.
The sting hits the adder.
The adder looks even sicker.
The adder is heavily wounded.
Natasha casts a spell at you. The magic dart hits you!
Ouch! That really hurt!
* * * LOW HITPOINT WARNING * * *
The adder completely misses you.
Natasha stares at you and mumbles some strange words.
The magic dart hits you!
Ouch! That really hurt!
You die...

# #.. #.#..
.#.#..# ####
..<.... ...####
..... ......?
.#. ... B....#
.....#.#S..#...
.......@....h..
##.###.#...#...
... ...# ###.
..## #. #.# ..
.. #. ### ..


You could see Natasha, an adder (very poisoned) and a giant cockroach.

Vanquished Creatures
  3 dart slugs (D:1)
  3 bats (D:1)
  2 giant cockroaches (D:1)
  A goblin (D:1)
  2 kobolds (D:1)
  A rat (D:1)
12 creatures vanquished.

Notes
Turn   | Place    | Note
-------+----------+-------------------------------------------
     0 | D:1      | sahdkjhfkaj the Felid Venom Mage began the quest for the
                  | Orb.
     0 | D:1      | Reached XP level 1. HP: 7/7 MP: 4/4
   109 | D:1      | Reached skill level 3 in Poison Magic
   204 | D:1      | Reached XP level 2. HP: 8/11 MP: 4/6
  1167 | D:2      | Noticed Natasha
  1170 | D:2      | Killed from afar by Natasha

Illustrated notes

Levels and vault maps discovered:
D:1:      dpeg_arrival_arbitrary_a, layout_rooms, st_stairs_5,
          minmay_pentomino_t2
D:2:      minmay_inner_zag, layout_basic, uniq_natasha

Skill      XL: |  1 |
---------------+----+-----
Poison Magic   | 3 |  3.0
Dodging        | |  2.6
Stealth        | |  2.6
Spellcasting   | |  2.7
Transmutations | |  1.1

Action                   || total
-------------------------++-------
Melee: Unarmed           ||     2
 Cast: Sting             ||    21
Armor: Skin              ||     1
Dodge: Dodged            ||    12

Table legend: (Time is in decaauts)
 A = Elapsed time spent in this place.
 B = Non-inter-level travel time spent in this place.
 C = Inter-level travel time spent in this place.
 D = Time resting spent in this place.
 E = Time spent auto-exploring this place.
 F = Levels seen in this place.
 G = Mean time per level.
                   A        B        C        D        E       F      G
               +--------+--------+--------+--------+--------+-----+--------+
         Total |   1059 |   1024 |     35 |    471 |    458 |   2 |  529.5 |
       Dungeon |   1059 |   1024 |     35 |    471 |    458 |   2 |  529.5 |
               +--------+--------+--------+--------+--------+-----+--------+

Top non-repeatable levels by time:
     D:1: 1056 daAuts
     D:2: 2 daAuts
